 Dungeon Crawl Stone Soup version 0.30.1-11-g7821555f0a (webtiles) character file.

Game seed: 8672089736424382853

280 KittyFluff the Cudgeller (level 6, -9/38 HPs)
             Began as a Gargoyle Berserker on Nov 11, 2023.
             Was a Believer of Trog.
             Mangled by an ogre
             ... wielding a +0 giant club
              (15 damage)
             ... on level 4 of the Dungeon.
             The game lasted 00:08:46 (2473 turns).

KittyFluff the Cudgeller (Gargoyle Berserker)       Turns: 2473, Time: 00:08:46

Health: -9/38      AC:  9    Str: 23    XL:     6   Next: 27%
Magic:  6/6        EV: 12    Int:  7    God:    Trog [**....]
Gold:   256        SH:  0    Dex:  9    Spells: 5/5 levels left

rFire   . . .        a - +0 mace
rCold   . . .        (no shield)
rNeg    + . .        f - +2 robe {Will+}
rPois   ∞            (no helmet)
rElec   +            (no cloak)
rCorr   .            (no gloves)
SInv    .            g - +0 pair of boots
Will    +....        (no amulet)
Stlth   ++           (no ring)
HPRegen 0.26/turn    (no ring)
MPRegen 0.10/turn

%: no passive effects
@: no status effects
A: sickness immunity, AC +4, negative energy resistance 1, electricity
resistance, torment resistance 1, petrification resistance
a: Renounce Religion, Berserk, Trog's Hand


You were on level 4 of the Dungeon.
You worshipped Trog.
Trog was pleased with you.
You visited 1 branch of the dungeon, and saw 4 of its levels.

You collected 256 gold pieces.

Inventory:

Hand Weapons
 a - a +0 mace (weapon)
 m - a +0 sling
Missiles
 k - 5 boomerangs (quivered)
 r - 10 poisoned darts
 x - a throwing net
Armour
 f - a +2 robe of willpower (worn)
 g - a +0 pair of boots (worn)
Scrolls
 b - 3 scrolls of fog
 c - a scroll of immolation {unknown}
 e - 2 scrolls of enchant weapon {unknown}
 h - a scroll of blinking {unknown}
 j - 2 scrolls of noise {unknown}
 n - a scroll of identify {unknown}
 p - 3 scrolls of teleportation
 s - a scroll of butterflies {unknown}
 u - a scroll of amnesia {unknown}
 w - a scroll of torment {unknown}
 z - a scroll of acquirement {unknown}
Potions
 d - a potion of heal wounds {unknown}
 i - 2 potions of berserk rage {unknown}
 l - 3 potions of curing {unknown}
 o - 2 potions of lignification {unknown}
 q - 2 potions of brilliance {unknown}
 t - a potion of cancellation {unknown}
 v - a potion of invisibility {unknown}
Miscellaneous
 y - a phial of floods


   Skills:
 + Level 4.1 Fighting
 * Level 4.5 Maces & Flails
 * Level 4.1 Armour
 + Level 2.4 Dodging
 + Level 2.2 Stealth


You had 5 spell levels left.
You didn't know any spells.
Your spell library was empty.

Dungeon Overview and Level Annotations

Branches:
Dungeon (4/15)
 Temple: D:4-7

Altars:
Ru


Innate Abilities, Weirdness & Mutations

You are immune to sickness and miasma.
Your stone body is resilient. (AC +4)
You are immune to poison.
You resist negative energy. (rN+)
You are resistant to electric shocks. (rElec)
You are resistant to unholy torment.
You are immune to petrification.


Message History

There is an open door here.
You closely miss the kobold. The kobold hits you but does no damage.
You barely miss the kobold. The kobold closely misses you.
You closely miss the kobold. The kobold hits you but does no damage.
You closely miss the kobold. The kobold closely misses you.
You closely miss the kobold. The kobold hits you but does no damage.
You sock the kobold!
You kill the kobold!
Trog accepts your kill.
You hit the ogre.
The ogre is lightly wounded.
The ogre barely misses you.
You sock the ogre!
The ogre is moderately wounded.
The ogre closely misses you.
You hit the ogre.
The ogre is heavily wounded.
The ogre closely misses you.
You hit the ogre.
The ogre is heavily wounded.
You hit the ogre.
The ogre is severely wounded.
The ogre hits you with a +0 giant club!!
Ouch! That really hurt!
You hit the ogre.
The ogre is almost dead.
The ogre barely misses you.
You barely miss the ogre.
The ogre is almost dead.
The ogre barely misses you.
You barely miss the ogre.
The ogre is almost dead.
You hit the ogre.
The ogre is almost dead.
The ogre hits you with a +0 giant club!
* * * LOW HITPOINT WARNING * * *
You hit the ogre.
The ogre is almost dead.
The ogre hits you with a +0 giant club!
You die...

..####.# #
.>.....## # .
#........ .#.#.
#........
..<..##).......
...............
#..:......#
#.#..##O##..... #
##8@8## ...
##.....## .
##8.....8##
##.........##..
####8.........8#..#
...'...†)......+[.#
..#8.........8#..#
##..)).....##..##
##8.....8##....#


You could see an ogre.

Vanquished Creatures
  A phantom (D:4)
  A jelly (D:2)
  A hound (D:4)
  2 adders (D:2)
  6 gnolls
  A dart slug (D:3)
  10 ball pythons
  2 endoplasms (D:1)
  10 goblins
  6 hobgoblins
  3 jackals (D:1)
  10 kobolds
  3 quokkas
  5 bats
  6 frilled lizards
  4 rats
71 creatures vanquished.

Notes
Turn   | Place    | Note
-------+----------+-------------------------------------------
     0 | D:1      | KittyFluff the Gargoyle Berserker began the quest for the
                  | Orb.
     0 | D:1      | Reached XP level 1. HP: 14/14 MP: 1/1
     3 | D:1      | Noticed an electric eel
    15 | D:1      | Noticed an electric eel
    61 | D:1      | Reached XP level 2. HP: 17/19 MP: 2/2
   722 | D:1      | Reached XP level 3. HP: 23/23 MP: 3/3
   951 | D:2      | Reached skill level 1 in Stealth
   984 | D:2      | Found a sacrificial altar of Ru.
  1024 | D:2      | Reached ** piety under Trog
  1029 | D:2      | Reached XP level 4. HP: 14/29 MP: 4/4
  1433 | D:2      | Reached XP level 5. HP: 4/33 MP: 5/5
  1622 | D:2      | Found a faded altar of an unknown god.
  2219 | D:3      | You fall into a shaft and drop 1 floor!
  2243 | D:4      | Noticed a phantom
  2264 | D:4      | Killed a phantom
  2265 | D:4      | Reached XP level 6. HP: 34/38 MP: 6/6
  2473 | D:4      | Mangled by an ogre

Illustrated notes

Levels and vault maps discovered:
D:1:      arrival_aquarium_b, layout_loops_corners
D:2:      layout_basic, basic_altar, dilly_ecumenical_altar_fadedgnrine,
          minmay_pentomino_pile
D:3:      layout_rooms, minmay_misc_feat_alley, chequers_mini_garden
D:4:      layout_basic, dk_noncrumbling_4

Skill      XL: |  1  2  3  4  5  6 |
---------------+-------------------+-----
Stealth        | 1 2 |  2.2
Armour         | 3 4 |  4.1
Dodging        | 2 |  2.4
Maces & Flails | 4 |  4.5
Fighting       | 4 |  4.1

Action                     |  1- 3 |  4- 6 || total
---------------------------+-------+-------++-------
  Melee: Mace              |   130 |   153 ||   283
         Punch             |     1 |       ||     1
 Invoke: Berserk           |       |     1 ||     1
    Use: Scroll            |       |     2 ||     2
   Stab: Sleeping          |     1 |     2 ||     3
 Armour: Animal skin       |    19 |       ||    19
         Robe              |    60 |    84 ||   144
  Dodge: Dodged            |    99 |   132 ||   231
